 Dungeon Crawl Stone Soup version 0.31-a0-222-gefeffbb62a (webtiles) character file.

Game seed: 5851600993798792048

58 Ijustatesigmund the Stinger (level 4, 0/28 HPs)
             Began as an Octopode Venom Mage on July 5, 2023.
             Slain by a cerulean imp
             ... wielding a +0 spear
             ... summoned by Natasha
              (2 damage)
             ... on level 3 of the Dungeon.
             The game lasted 00:03:07 (2223 turns).

Ijustatesigmund the Stinger (Octopode Venom Mage)   Turns: 2223, Time: 00:03:08

Health: 0/28       AC:  1    Str: 13    XL:     4   Next: 2%
Magic:  7/7        EV: 13    Int: 19    God:
Gold:   158        SH:  0    Dex: 12    Spells: 2/8 levels left

rFire   . . .        c - +3 mace
rCold   . . .        (no shield)
rNeg    . . .        (helmet restricted)
rPois   .            (no amulet)
rElec   .            g - +6 ring of strength
rCorr   .            (no ring)
SInv    .            (no ring)
Will    .....        (no ring)
Stlth   +++          (no ring)
HPRegen 0.24/turn    (no ring)
MPRegen 0.10/turn    (no ring)
                     (no ring)

%: no passive effects
@: slowed, very slow
A: almost no armour, amphibious, 8 rings, camouflage 1, gelatinous body 1,
(nimble swimmer 1), tentacles
a: no special abilities


You were on level 3 of the Dungeon.
You visited 1 branch of the dungeon, and saw 3 of its levels.

You collected 158 gold pieces.

Inventory:

Hand Weapons
 c - a +3 mace (weapon)
 h - a +0 quarterstaff
Jewellery
 g - a +6 ring of strength (left tentacle)
Wands
 d - a wand of paralysis (11)
Potions
 a - a potion of magic
 b - 2 potions of attraction {unknown}
 e - a potion of curing {unknown}
 f - a potion of ambrosia {unknown}


   Skills:
 + Level 1.5 Fighting
 - Level 2.0 Dodging
 - Level 2.6 Stealth
 + Level 2.5 Spellcasting
 + Level 0.6 Conjurations
 - Level 1.0 Transmutations
 + Level 1.1 Air Magic
 + Level 4.2 Poison Magic


You had 2 spell levels left.
You knew the following spells:

 Your Spells              Type           Power      Damage    Failure   Level
a - Sting                 Tmut/Pois      48%        1d5       5%          1
b - Poisonous Vapours     Pois/Air       24%        N/A       8%          2
c - Mephitic Cloud        Conj/Pois/Air  10%        N/A       22%         3

Your spell library contained the following spells:

 Spells                   Type           Power      Damage    Failure   Level
 Kiss of Death            Conj/Necr      12%        2d6       14%         1
 Olgreb's Toxic Radiance  Pois           18%        N/A       28%         4
 Confusing Touch          Hex            2%         N/A       43%         3
 Frozen Ramparts          Ice            4%         1d1       43%         3
 Ice Form                 Ice/Tmut       4%         N/A       78%         4
 Dispel Undead            Necr           2%         3d7       85%         4
 Summon Ice Beast         Ice/Summ       2%         N/A       85%         4


Dungeon Overview and Level Annotations

Branches:
Dungeon (3/15)

Altars:

Annotations:
D:2 1 runed translucent door, Crazy Yiuf, Robin
D:3 Natasha


Innate Abilities, Weirdness & Mutations

You cannot wear most types of armour.
You are amphibious.
You can wear up to eight rings at the same time.
Your skin changes colour to match your surroundings (Stealth+).
Your rubbery body absorbs attacks. (AC +1, EV +1)
((You are camouflaged when in or above water. (Stealth+)))
You have tentacles for arms and can constrict up to eight enemies at once.


Message History

Press: ? - help, Dir - move target, f - orc
Aim: an orc, wielding a +3 mace (asleep) Poisonous vapours surround the orc!
The orc is poisoned.
The orc shouts!
Casting: Poisonous Vapours (safe; 9% risk of failure)
Confirm with . or Enter, or press ? or * to list all spells.
Aiming: Poisonous Vapours (safe; 9% risk of failure)
Press: ? - help, Dir - move target, f/p - orc
Aim: an orc, wielding a +3 mace (poisoned) Poisonous vapours surround the orc!
The orc looks even sicker.
You sock the orc!
You kill the orc!
You have reached level 4!
Things that are here:
a +3 mace; an orc corpse You drop a +0 rapier.
c - a +3 mace
c - a +3 mace (weapon)
Found a robe.
You see here a +0 robe.
Natasha and 2 orcs come into view.
Natasha hisses angrily.
Natasha casts a spell at you.
You feel yourself slow down.
An orc comes into view. It is wielding a +0 short sword.
An orc priest comes into view. It is wielding a +0 whip.
Natasha mumbles some strange words.
The orc shouts!
The cerulean imp barely misses you.
The orc priest invokes the aid of Beogh against you.
Beogh smites you!
The cerulean imp hits you from afar with a +0 spear.
Natasha stares at you and mumbles some strange words.
You feel as though you will be slow longer.
You hear a shout!
The orc priest invokes the aid of Beogh against you.
Beogh smites you!
* * * LOW HITPOINT WARNING * * *
The cerulean imp hits you from afar with a +0 spear.
You die...

....
.##.....###########
#.... # ##......###
. #........[..#
.#.##........#
............#
#..........#
#..........#
#...^......##
#...@.......#
#...........#
#..h5.......#
##..........#
..............#
......o.....###
......o......#
......o......#
#####........#


You could see an orc priest, Natasha, a cerulean imp (summoned) and 2 orcs.

Vanquished Creatures
  2 adders
  2 dart slugs
  An orc (D:3)
  3 ball pythons
  An endoplasm (D:2)
  3 giant cockroaches
  2 goblins (D:1)
  4 hobgoblins
  3 jackals (D:2)
  3 quokkas
  4 bats
  A frilled lizard (D:2)
  3 rats
32 creatures vanquished.

Notes
Turn   | Place    | Note
-------+----------+-------------------------------------------
     0 | D:1      | Ijustatesigmund the Octopode Venom Mage began the quest for
                  | the Orb.
     0 | D:1      | Reached XP level 1. HP: 11/11 MP: 3/3
   408 | D:1      | Reached XP level 2. HP: 18/18 MP: 3/5
   411 | D:1      | Learned a level 2 spell: Poisonous Vapours
   822 | D:1      | Reached skill level 1 in Fighting
   951 | D:2      | Reached skill level 4 in Poison Magic
  1074 | D:2      | Reached XP level 3. HP: 23/23 MP: 1/6
  1078 | D:2      | Learned a level 3 spell: Mephitic Cloud
  1156 | D:2      | Found a runed translucent door.
  1156 | D:2      | Noticed Robin
  1157 | D:2      | Noticed Crazy Yiuf
  1180 | D:2      | Found a faded altar of an unknown god.
  1908 | D:3      | Reached skill level 1 in Air Magic
  2158 | D:3      | Reached XP level 4. HP: 28/28 MP: 2/7
  2217 | D:3      | Noticed Natasha
  2223 | D:3      | Slain by a cerulean imp

Illustrated notes

Levels and vault maps discovered:
D:1:      lightli_arrival_boilingwater, layout_loops_corners, serial_glass,
          glass_columns_b, glass_columns_a, glass_columns_c, glass_columns_b
D:2:      layout_basic, hellmonk_ecumenical_altar_pennies_from_heaven,
          minivault_19, uniq_crazy_yiuf_cottage, uniq_robin
D:3:      layout_basic, serial_shops, nicolae_lakefront_shop,
          amcnicky_mini_corridor_feature, uniq_terence, uniq_jessica,
          uniq_natasha, uniq_sigmund

Skill      XL: |  1  2  3 |
---------------+----------+-----
Fighting       | 1 |  1.5
Poison Magic   | 4 |  4.2
Air Magic      | 1 |  1.1
Dodging        | |  2.0
Stealth        | |  2.6
Spellcasting   | |  2.5
Conjurations   | |  0.6
Transmutations | |  1.0

Action                     |  1- 3 |  4- 6 || total
---------------------------+-------+-------++-------
  Melee: Unarmed           |    13 |       ||    13
         Constrict         |     9 |       ||     9
         Tentacles         |     5 |       ||     5
         Rapier            |    23 |       ||    23
         Quarterstaff      |     1 |       ||     1
         Punch             |     1 |       ||     1
   Cast: Sting             |    28 |       ||    28
         Poisonous Vapours |    15 |       ||    15
    Use: Scroll            |     4 |       ||     4
   Stab: Sleeping          |     1 |       ||     1
 Armour: Skin              |     4 |       ||     4
  Dodge: Dodged            |    31 |     1 ||    32

Table legend: (Time is in decaauts)
 A = Elapsed time spent in this place.
 B = Non-inter-level travel time spent in this place.
 C = Inter-level travel time spent in this place.
 D = Time resting spent in this place.
 E = Time spent auto-exploring this place.
 F = Levels seen in this place.
 G = Mean time per level.
                   A        B        C        D        E       F      G
               +--------+--------+--------+--------+--------+-----+--------+
         Total |   2227 |   2184 |     43 |    284 |   1659 |   3 |  742.3 |
       Dungeon |   2227 |   2184 |     43 |    284 |   1659 |   3 |  742.3 |
               +--------+--------+--------+--------+--------+-----+--------+

Top non-repeatable levels by time:
     D:2: 928 daAuts
     D:1: 893 daAuts
     D:3: 406 daAuts
